 Dungeon Crawl Stone Soup version 0.18.1-48-g4cf74bf (webtiles) character file.

52 wutend the Skirmisher (level 3, -4/27 HPs)
             Began as an Octopode Fighter on Aug 26, 2016.
             Slain by a goblin
             ... wielding a +0 dagger
             ... led by Robin
              (6 damage)
             ... on level 2 of the Dungeon.
             The game lasted 00:02:59 (1293 turns).

wutend the Skirmisher (Octopode Fighter)            Turns: 1293, Time: 00:03:00

Health: -4/27      AC:  1    Str: 15    XL:     3   Next: 85%
Magic:  3/3        EV: 10    Int: 10    God:
Gold:   56         SH:  8    Dex: 12    Spells: 0 memorised, 2 levels left

rFire  . . .     SeeInvis .     a - +0 long sword
rCold  . . .     Gourm    .     b - +0 shield
rNeg   . . .     Faith    .     (helmet restricted)
rPois  .         Spirit   .     (no amulet)
rElec  .         Dismiss  .     (no ring)
rCorr  .         Reflect  .     (no ring)
SustAt .         Harm     .     (no ring)
MR     .....                    (no ring)
Stlth  ++........               (no ring)
                                (no ring)
                                (no ring)
                                (no ring)

@: not resistant to hostile enchantments, unstealthy
A: almost no armour, amphibious, 8 rings, constrict 8, camouflage 1, gelatinous
body 1
a: no special abilities


You were on level 2 of the Dungeon.
You were very hungry.

You visited 1 branch of the dungeon, and saw 2 of its levels.

You collected 56 gold pieces.

Inventory:

Hand Weapons
 a - a +0 long sword (weapon)
Armour
 b - a +0 shield (worn)
Jewellery
 r - an uncursed ring of see invisible {unknown}
Scrolls
 e - a scroll of immolation {unknown}
 h - a scroll of teleportation {unknown}
 i - 2 scrolls of magic mapping {unknown}
 k - a scroll of fog {unknown}
 l - a scroll of identify {unknown}
 q - a scroll of blinking {unknown}
Potions
 c - a potion of might
 f - a potion of haste {unknown}
 j - 2 potions of heal wounds {unknown}
 m - a potion of brilliance {unknown}
 n - a potion of curing {unknown}
 o - a potion of mutation {unknown}
Comestibles
 d - 2 bread rations
 g - 2 meat rations
 p - a beef jerky


   Skills:
 + Level 4.0 Fighting
 + Level 3.0 Long Blades
 - Level 3.0 Dodging
 - Level 3.0 Shields


You had 2 spell levels left.
You didn't know any spells.

Dungeon Overview and Level Annotations

Branches:
Dungeon (2/15)

Altars:

Annotations:
D:2 Robin


Innate Abilities, Weirdness & Mutations

You cannot wear most types of armour.
You are amphibious.
You can wear up to eight rings at the same time.
You can use your tentacles to constrict eight enemies at once.
Your skin changes colour to match your surroundings (Stealth).
Your rubbery body absorbs attacks (AC +1).


Message History

You block the goblin's attack.
You hear a shout! x2
A goblin comes into view. It is wielding a club.
You hit the goblin but do no damage. You grab the goblin.
You squeeze the goblin.
You kill the goblin!
Robin throws the goblin at you!
You hit the goblin. You grab the goblin.
The goblin is almost dead.
You constrict the goblin.
You kill the goblin!
The goblin hits you but does no damage.
You closely miss the goblin. Your grab misses the goblin.
The goblin hits you but does no damage. You block the goblin's attack.
A goblin comes into view. It is wielding a dagger.
You barely miss the goblin.
The goblin shouts!
You grab the goblin. You constrict the goblin. Robin throws the goblin at you!
The goblin hits you with a dagger.
You die... .gg

#. #!# ###.# #.# .g#
..#.# #.# #g## #.#.# #.#
#g.# #.#.# #.# #g# #.#.#
#.# #.####### #.#.#
#.######g......# ##....
#....g@gg.####.# #.....
#.#######.# #.# #.#.##
#..# #.# #.# #.#.##
#######..# #.# #.#
#.#.## .........#
#.####.###.#.##
######.#.#
#..........#.##
#.#.######.####.#####.##
#.#........####........
#(########.............


You could see Robin and 3 goblins.

Vanquished Creatures
  2 adders (D:2)
  A giant gecko (D:1)
  A bat (D:1)
  A giant cockroach (D:1)
  9 goblins
  7 hobgoblins
  3 giant newts
  3 kobolds (D:1)
  5 rats
32 creatures vanquished.

Notes
Turn   | Place    | Note
--------------------------------------------------------------
     0 | D:1      | wutend the Octopode Fighter began the quest for the Orb.
     0 | D:1      | Reached XP level 1. HP: 16/16 MP: 1/1
   107 | D:1      | Reached XP level 2. HP: 20/21 MP: 2/2
   712 | D:2      | Reached XP level 3. HP: 18/27 MP: 3/3
  1271 | D:2      | Noticed Robin
  1283 | D:2      | Reached skill level 4 in Fighting
  1287 | D:2      | HP: 1/27 [goblin/dagger[Robin] (1)]
  1293 | D:2      | Slain by a goblin

Skill      XL: |  1  2  3 |
---------------+----------+-----
Fighting       | 4 |  4.0
Long Blades    | 3 |  3.0
Dodging        | |  3.0
Shields        | |  3.0

Action                   || total
-------------------------++-------
Melee: Long sword        ||    67
       Constrict         ||    19
       Tentacles         ||     7
 Stab: Sleeping          ||     4
Armor: Skin              ||     4
Dodge: Dodged            ||    27
Block: Shield            ||    25
